montu, chaotic male human Wizard --------------- -------- ########-.............| |......| # |.............| |.......## |.*............ |..<...| -------.------- |......+# # # |......|################## I####)# ----.--- # h # # @# # # ## ### # ### # -----------|--- # .... + |.............| ### ...... ..............| # ....| |..............## ----- |.............| |.............. --------------- montu the Conjurer Experience level: 4 Strength: 12 Dexterity: 14 Constitution: 14 Intelligence: 18 Wisdom: 8 Charisma: 10 Health: 0(43) Energy: 9(19) Def: 1 Gold: 134 Moves: 1934 Dungeon seed: Apl3xwf9RSVXX-1b Game ID: montu_1703728959 Your Inventory: Coins $ - 134 gold pieces Weapons a - a blessed +1 quarterstaff (weapon in hands) o - a cursed -1 elven dagger s - an uncursed +0 dagger Armor e - an uncursed +0 cloak of magic resistance (being worn) q - an uncursed +0 helmet y - a cursed -1 helm of opposite alignment Scrolls k - an uncursed scroll of enchant armor m - an uncursed scroll of summoning Spellbooks l - an uncursed spellbook of teleport away Potions j - an uncursed potion of gain ability Wands b - an uncursed wand of striking (0:0) Tools h - an uncursed blindfold Gems n - an uncursed worthless piece of yellow glass r - an uncursed worthless piece of white glass Spells and supernatural/magical abilities: Name Level Category Cost Memory a - force bolt 1 attack 8pw 97% e - charm monster 3 enchantment 25pw 97% m - magic missile 2 attack 16pw 97% D - drain life 2 attack 16pw 97% W - pray for help -- divine ? -- Your skills at the end: Fighting Skills wands [Basic] Weapon Skills quarterstaff [Basic] Spellcasting Skills attack spells [Basic] enchantment spells [Basic] Final Attributes: You were piously aligned. You were magic resistant. You were lucky. You last prayed 180 turns ago. Anhur was noncommittal. You are dead. Vanquished creatures: a small mimic a gnome lord 2 acid blobs 3 coyotes a hobbit 2 cave spiders a garter snake a gecko 2 jackals 3 sewer rats 2 grid bugs 2 lichens a kobold zombie 4 newts 26 creatures vanquished. Voluntary challenges: You used a wielded weapon 28 times, starting on turn 87. You read items or engraved 3 times, starting on turn 630. You never genocided any monsters. You never polymorphed an object. You never changed form. You used no wishes. You never split a pudding. You wrote Elbereth's name 1 time, starting on turn 1727. You never violated your personal moral code. Dungeon overview: The Dungeons of Doom: levels 1 to 5 Level 1 a fountain a long staircase Level 2 Level 3 a fountain a long staircase Level 4 an armor shop, a vault Level 5 <- You were here History has recorded: On T:1 you entered the Dungeons of Doom to retrieve the Amulet of Yendor! On T:468 you reached level 2 of The Dungeons of Doom. On T:848 you reached level 3 of The Dungeons of Doom. On T:870 you advanced to experience level 2. On T:1179 you reached level 4 of The Dungeons of Doom. On T:1577 you advanced to experience level 3. On T:1760 you advanced to experience level 4. On T:1808 you reached level 5 of The Dungeons of Doom. Score breakdown: Gold: 134 ( 7246 points) Experience: 4 levels ( 9649 points) Exploration: 5 levels ( 10.00%) ( 8571 points) Discoveries: 0 items ( 0.00%) ( 0 points) Valuables value: (no points given unless you survive) Artifact value: 0 ( 0 points) Variety of kills: 14 monsters ( 3.68%) ( 5758 points) Turncount: 1934 turns ( 0 points) Survival: died (score multiplied by 80%) Total score: 24979 Latest messages: This gnome lady corpse tastes terrible! You stop eating. You are almost hit by a dagger. [11 turns] You resume your meal. You finish eating the gnome lady corpse. [3 turns] s - a dagger. You stop exploring. You hear montu pronouncing the formula on a scroll labeled VELOX NEB! Wait! There's something there you can't see! It hits! You hit it. It hits! It hits! The dwarf hits! You begin praying to Anhur. The dwarf hits! You die... Final status: Goodbye montu the Wizard, killed by a dwarf, while praying... You died in The Dungeons of Doom on dungeon level 5 with 24979 points, and 134 pieces of gold, after 1934 moves. You were level 4 with a maximum of 43 hit points when you died.